 Dungeon Crawl Stone Soup version 0.30.1-3-gfc49f6343a (webtiles) character file.

Game seed: 10933290858935648684

82 spardeous the Firebug (level 4, 0/33 HPs)
             Began as a Demigod Fire Elementalist on July 28, 2023.
             Succumbed to Robin's poison
             ... on level 2 of the Dungeon.
             The game lasted 00:02:41 (2642 turns).

spardeous the Firebug (Demigod Fire Elementalist)   Turns: 2642, Time: 00:02:42

Health: 0/33       AC:  5    Str:  9    XL:     4   Next: 1%
Magic:  5/9        EV: 12    Int: 21    God:
Gold:   48         SH:  0    Dex: 14    Spells: 2/6 levels left

rFire   . . .        (no weapon)
rCold   . . .        (no shield)
rNeg    . . .        a - +0 robe
rPois   .            (no helmet)
rElec   .            (no cloak)
rCorr   .            i - +2 pair of gloves
SInv    .            (no boots)
Will    .....        (no amulet)
Stlth   ++           (no ring)
HPRegen 0.25/turn    (no ring)
MPRegen 0.11/turn

%: no passive effects
@: lethally poisoned (0 -> -2)
A: high MP 1, forlorn, divine attributes
a: no special abilities


You were on level 2 of the Dungeon.
You visited 1 branch of the dungeon, and saw 2 of its levels.

You collected 48 gold pieces.

Inventory:

Armour
 a - a +0 robe (worn)
 i - a +2 pair of gloves (worn)
Jewellery
 j - an amulet of reflection
Scrolls
 d - a scroll of noise {unknown}
 f - 2 scrolls of identify {unknown}
 g - 3 scrolls of vulnerability {unknown}
Potions
 b - 2 potions of magic
 e - a potion of degeneration {unknown}
 h - a potion of flight {unknown}


   Skills:
 - Level 1.7 Dodging
 - Level 1.7 Stealth
 - Level 1.7 Spellcasting
 - Level 0.8 Conjurations
 + Level 4.6 Fire Magic


You had 2 spell levels left.
You knew the following spells:

 Your Spells              Type           Power      Damage    Failure   Level
a - Foxfire               Conj/Fire      52%        2x1d6     4%          1
b - Inner Flame           Hex/Fire       11%        N/A       17%         3

Your spell library contained the following spells:

 Spells                   Type           Power      Damage    Failure   Level
 Scorch                   Fire           42%        2d7       3%          2
 Volatile Blastmotes      Fire/Tloc      22%        2d11      17%         3
 Flame Wave               Conj/Fire      13%        2d6       43%         4


Dungeon Overview and Level Annotations

Branches:
Dungeon (2/15)

Shops:
D:1 *

Annotations:
D:2 Robin


Innate Abilities, Weirdness & Mutations

You have an increased reservoir of magic. (+10% MP)
You shall have no god before yourself.
Your divine heritage dramatically boosts your attributes as you level up.


Message History

The foxfire hits Robin but does no damage.
Robin is severely wounded.
The foxfire hits Robin but does no damage.
Robin is severely wounded.
Robin hits you from afar with a +2 spear of venom.
* * * LOW HITPOINT WARNING * * *
You are more poisoned.
You take 12 damage, and have 1/33 hp.
MASSIVE DAMAGE!!
It was a potion of curing.
You feel better.
Robin hits you from afar with a +2 spear of venom.
* * * LOW HITPOINT WARNING * * *
You are lethally poisoned!
You regained 5 hp, and now have 6/33 hp.
* * * LOW HITPOINT WARNING * * *
You feel very sick.
You take 3 damage, and have 3/33 hp.
* * * LOW HITPOINT WARNING * * *
You feel sick.
You take 2 damage, and have 1/33 hp.
You feel better.
Robin hits you from afar with a +2 spear of venom.
* * * LOW HITPOINT WARNING * * *
You are lethally poisoned!
Your magical contamination has completely faded away.
You regained 6 hp, and now have 7/33 hp.
* * * LOW HITPOINT WARNING * * *
You feel very sick.
You take 2 damage, and have 5/33 hp.
* * * LOW HITPOINT WARNING * * *
You feel sick.
You take 1 damage, and have 4/33 hp.
* * * LOW HITPOINT WARNING * * *
You feel sick.
You take 2 damage, and have 2/33 hp.
* * * LOW HITPOINT WARNING * * *
You feel sick.
You take 1 damage, and have 1/33 hp.
* * * LOW HITPOINT WARNING * * *
You feel sick.
You die...

#.#.# #####..###.†..#.
#.#<# ##..#(#.##...
#.#.##### #....[..[##.#
#.#.#...# #..##..)##..#
#.#.g.#'# #.##)......##
#.#..##.## #..##.#)#.##
####...## ##....###.#
#.###.....##### #.....#..#
#......⌠...@..####..#...##
#.####...###...# ##..#.##
#.).# ###g# ##...# #.>.#
#.# ###.# #...#
###.#######.#
###...###........##.#
+...⌠...............#####
##.....####.#)...#÷......
##...###.....†......####


You could see Robin.

Vanquished Creatures
  2 adders (D:2)
  3 worms (D:2)
  2 dart slugs
  6 ball pythons
  3 endoplasms
  A giant cockroach (D:2)
  8 goblins
  9 hobgoblins
  2 jackals (D:1)
  3 bats
  2 frilled lizards
  2 kobolds
  5 rats
48 creatures vanquished.

Vanquished Creatures (others)
  234 foxfires
234 creatures vanquished.

Grand Total: 282 creatures vanquished

Notes
Turn   | Place    | Note
-------+----------+-------------------------------------------
     0 | D:1      | spardeous the Demigod Fire Elementalist began the quest for
                  | the Orb.
     0 | D:1      | Reached XP level 1. HP: 14/14 MP: 5/5
   297 | D:1      | Reached skill level 3 in Fire Magic
   512 | D:1      | Found Kaemis's General Store.
   587 | D:1      | Reached XP level 2. HP: 20/20 MP: 4/7
  1589 | D:2      | Reached skill level 4 in Fire Magic
  1589 | D:2      | Reached XP level 3. HP: 21/26 MP: 0/8
  1743 | D:2      | Noticed Robin
  2091 | D:2      | Learned a level 3 spell: Inner Flame
  2628 | D:2      | Reached XP level 4. HP: 20/33 MP: 6/9
  2632 | D:2      | HP: 1/33 [Robin/+2 spear of venom (3)]
  2640 | D:2      | HP: 1/33 [poisoned by Robin]
  2642 | D:2      | Succumbed to Robin's poison

Illustrated notes

Levels and vault maps discovered:
D:1:      ncdulo_lavacross, layout_loops_ring, serial_shops, shop_fountains,
          grunt_decor_arrowhead
D:2:      layout_loops_ring, minivault_27, grunt_ministairs_15,
          minmay_hexomino_u4, uniq_robin

Skill      XL: |  1  2 |
---------------+-------+-----
Fire Magic     | 3 4 |  4.6
Dodging        | |  1.7
Stealth        | |  1.7
Spellcasting   | |  1.7
Conjurations   | |  0.8

Action                     |  1- 3 |  4- 6 || total
---------------------------+-------+-------++-------
  Melee: Unarmed           |     1 |       ||     1
   Cast: Foxfire           |   145 |     2 ||   147
    Use: Potion            |       |     2 ||     2
 Armour: Robe              |     8 |     1 ||     9
  Dodge: Dodged            |    28 |     2 ||    30
